 Dungeon Sprint DCSS version 0.30-a0-715-gdb4ae3ece1 (webtiles) character file.

Game seed: 5560015723817037182

63 wvc the Basher (level 4, 0/26 HPs)
             Began as a Gargoyle Gladiator on Jan 24, 2023.
             Was an Initiate of Cheibriados.
             Slain by a vampire (11 damage)
             ... in the Dungeon (Sprint IX: "|||||||||||||||||||||||||||||").
             The game lasted 00:01:28 (149 turns).

wvc the Basher (Gargoyle Gladiator)                  Turns: 149, Time: 00:01:28

Health: 0/26       AC: 14    Str: 21    XL:     4   Next: 9%
Magic:  4/4        EV: 11    Int: 10    God:    Cheibriados [......]
Gold:   0          SH:  0    Dex: 14    Spells: 3/3 levels left

rFire   . . .      SeeInvis .    o - +2 dire flail (protect)
rCold   . . .      Faith    .    (shield currently unavailable)
rNeg    + . .      Spirit   .    q - +2 ring mail
rPois   ∞          Reflect  .    c - +0 helmet
rElec   +          Harm     .    (no cloak)
rCorr   .          Rampage  .    p - +0 pair of gloves
Will    .....      NoTele   +    (no boots) Stlth
                                 (no amulet)
HPRegen 0.24/turn                r - +3 ring of strength
MPRegen 0.09/turn                b - +2 ring of protection

@: confused, very slow
A: sickness immunity, AC +3, negative energy resistance 1, electricity
resistance, torment resistance 1, petrification resistance
a: Renounce Religion


You were in the Dungeon.
You worshipped Cheibriados.
Cheibriados was noncommittal.
You visited 1 branch

Inventory:

Hand Weapons
 a - a +0 flail
 o - a +2 dire flail of protection (weapon)
Missiles
 d - 3 throwing nets (quivered)
 e - a javelin
Armour
 c - a +0 helmet (worn)
 p - a +0 pair of gloves (worn)
 q - a +2 ring mail (worn)
Jewellery
 b - a +2 ring of protection (right hand)
 r - a +3 ring of strength (left hand)
Wands
 n - a wand of light (10)
Scrolls
 k - 2 scrolls of blinking
 m - 2 scrolls of amnesia
Potions
 f - 5 potions of curing
 g - a potion of invisibility
 h - a potion of haste
 i - 4 potions of magic
 j - a potion of berserk rage
 l - 2 potions of heal wounds


   Skills:
 - Level 2.1 Fighting
 + Level 8.2 Maces & Flails
 - Level 1.7 Throwing
 - Level 2.4 Dodging


You had 3 spell levels left.
You didn't know any spells.
Your spell library was empty.

Dungeon Overview and Level Annotations

Branches:
Dungeon (1/1)

Altars:
Cheibriados
Dithmenos
Elyvilon
Fedhas
Gozag
Hepliaklqana
Kikubaaqudgha
Makhleb
Nemelex Xobeh
Okawaru
Qazlal
Ru
Sif Muna
Trog
Uskayaw
Vehumet
Wu Jian
Xom
Yredelemnul
Zin
The Shining One
Jiyva
Lugonu


Innate Abilities, Weirdness & Mutations

You are immune to sickness and miasma.
Your stone body is resilient. (AC +3)
You are immune to poison.
You resist negative energy. (rN+)
You are resistant to electric shocks. (rElec)
You are resistant to unholy torment.
You are immune to petrification.


Message History

b - a +2 ring of protection (right hand)
You open the door.
A centaur, 2 orc warriors, a wyvern, a vampire and a gnoll bouda come into view.
The centaur shouts!
The wyvern hisses angrily.
The gnoll bouda shouts!
You sock the gnoll bouda!
Your weapon exudes an aura of protection.
The gnoll bouda is heavily wounded.
The gnoll bouda mumbles some strange prayers to its god.
The gnoll bouda is healed somewhat.
You impale the gnoll bouda!!
You kill the gnoll bouda!
Cheibriados appreciates the change of pace.
Your Maces & Flails skill gained 2 levels and is now at level 8!
You have reached level 4!
You feel clever.
You puncture the vampire!
The vampire is moderately damaged.
The vampire hits you but does no damage.
The vampire barely misses you.
You puncture the vampire!
The vampire is severely damaged.
The vampire gestures wildly while chanting.
The vampire flickers and vanishes!
Deactivating autopickup; reactivate with Ctrl-A.
You miss something.
You hear some strange, mumbled words.
You are confused.
You are too confused!
You bump into the unnaturally hard rock wall.
You hear some strange, mumbled words.
You are more confused.
You completely miss something. Something hits you but does no damage.
Something bites you but does no damage.
You bump into the unnaturally hard rock wall.
Something hits you but does no damage. Something completely misses you.
You miss something. Something hits you! Something bites you.
You bump into the unnaturally hard rock wall.
Something hits you. Something bites you but does no damage.
You closely miss something. Something hits you!
You die... ▓▓▓▓▓▓▓▓▓▓▓▓▓▓▓▓▓▓▓▓▓▓▓▓ ..ocol{@.[[..)..'_______ ▓▓▓▓▓▓▓▓▓▓▓▓▓▓▓▓▓▓▓▓▓▓▓▓

You could see 2 orc warriors, a wyvern and a centaur.

Vanquished Creatures
  A gnoll bouda (D)
  2 adders (D)
  A worm (D)
  2 orcs (D)
  2 giant cockroaches (D)
  A goblin (D)
  A jackal (D)
  A kobold (D)
11 creatures vanquished.

Notes
Turn   | Place    | Note
-------+----------+-------------------------------------------
     0 | D        | wvc the Gargoyle Gladiator began the quest for the Orb.
     0 | D        | Reached XP level 1. HP: 12/12 MP: 1/1
    11 | D        | Reached skill level 4 in Maces & Flails
    26 | D        | Reached skill level 5 in Maces & Flails
    26 | D        | Reached XP level 2. HP: 17/17 MP: 2/2
    45 | D        | Reached skill level 6 in Maces & Flails
    61 | D        | Reached XP level 3. HP: 19/21 MP: 3/3
    73 | D        | Found a snail-covered altar of Cheibriados.
    73 | D        | Found a shadowy altar of Dithmenos.
    73 | D        | Found a white marble altar of Elyvilon.
    73 | D        | Found a blossoming altar of Fedhas.
    73 | D        | Found an opulent altar of Gozag.
    74 | D        | Found a hazy altar of Hepliaklqana.
    75 | D        | Found a viscous altar of Jiyva.
    76 | D        | Found an ancient bone altar of Kikubaaqudgha.
    77 | D        | Became a worshipper of Cheibriados the Contemplative
    78 | D        | Found a corrupted altar of Lugonu.
    79 | D        | Found a burning altar of Makhleb.
    80 | D        | Found a sparkling altar of Nemelex Xobeh.
    81 | D        | Found an iron altar of Okawaru.
    82 | D        | Found a stormy altar of Qazlal.
    83 | D        | Found a sacrificial altar of Ru.
    84 | D        | Found a shimmering blue altar of Sif Muna.
    85 | D        | Found a bloodstained altar of Trog.
    86 | D        | Found a hide-covered altar of Uskayaw.
    87 | D        | Found a radiant altar of Vehumet.
    88 | D        | Found an ornate altar of the Wu Jian Council.
    89 | D        | Found a shimmering altar of Xom.
    90 | D        | Found a basalt altar of Yredelemnul.
    91 | D        | Found a glowing silver altar of Zin.
    92 | D        | Found a glowing golden altar of the Shining One.
   138 | D        | Noticed an orc warrior
   138 | D        | Noticed a centaur
   138 | D        | Noticed an orc warrior
   138 | D        | Noticed a wyvern
   138 | D        | Noticed a vampire
   141 | D        | Reached skill level 8 in Maces & Flails
   141 | D        | Reached XP level 4. HP: 26/26 MP: 4/4
   149 | D        | Slain by a vampire

Illustrated notes

Levels and vault maps discovered:
D:        linesprint [early_d, line_temple, items_1, d_10, items_2, lair_1,
          lair_end, items_3, orc_1, orc_end, items_4, d_15, swamp_1, shoals_1,
          snake_1, spider_1, d_20, vaults_1, items_5, swamp_end, shoals_end,
          snake_end, spider_end, vaults_end, d_27, items_6, zot_1, zot_end,
          crypt_end, forest_end, elf_end, slime_end, tomb_end, abyss_end,
          pan_hell_end]

Skill      XL: |  1  2  3 |
---------------+----------+-----
Maces & Flails | 5 6 8 |  8.2
Fighting       | |  2.1
Throwing       | |  1.7
Dodging        | |  2.4

Action                     |  1- 3 |  4- 6 || total
---------------------------+-------+-------++-------
  Melee: Flail             |    50 |       ||    50
         Punch             |     1 |       ||     1
         Dire flail        |     2 |     6 ||     8
  Throw: Throwing net      |     1 |       ||     1
    Use: Potion            |     1 |       ||     1
 Armour: Leather armour    |    18 |       ||    18
         Ring mail         |       |     5 ||     5
  Dodge: Dodged            |    28 |     2 ||    30

Table legend: (Time is in decaauts)
 A = Elapsed time spent in this place.
 B = Non-inter-level travel time spent in this place.
 C = Inter-level travel time spent in this place.
 D = Time resting spent in this place.
 E = Time spent auto-exploring this place.
 F = Levels seen in this place.
 G = Mean time per level.
                   A        B        C        D        E       F      G
               +--------+--------+--------+--------+--------+-----+--------+
         Total |    162 |    162 |      0 |      0 |     27 |   1 |  162.0 |
       Dungeon |    162 |    162 |      0 |      0 |     27 |   1 |  162.0 |
               +--------+--------+--------+--------+--------+-----+--------+

Top non-repeatable levels by time:
       D: 162 daAuts
